 Dungeon Crawl Stone Soup version 0.31-a0-845-g9abc20d24f (webtiles) character file.

Game seed: 6509038390430415304

263984 pokeman the Archmage (level 19, -4/112 HPs)
             Began as a Deep Elf Hedge Wizard on Sept 30, 2023.
             Was the Champion of Vehumet.
             Killed from afar by a deep elf elementalist (48 damage)
             ... with a blast of rock fragments
             ... on level 3 of the Elven Halls on Oct 2, 2023.
             The game lasted 02:13:58 (48670 turns).

pokeman the Archmage (Deep Elf Hedge Wizard)       Turns: 48670, Time: 02:13:59

Health: -4/112     AC: 20    Str: 12    XL:     19   Next: 26%
Magic:  48/61      EV:  9    Int: 31    God:    Vehumet [******]
Gold:   3225       SH:  6    Dex: 14    Spells: 8/72 levels left

rFire   + + .        M - staff of fire
rCold   + + .        V - +1 buckler {rC+}
rNeg    + . .        a - +0 scale mail "Uchar" {rPois rF+ MP+9}
rPois   +            b - +2 helmet {Int+3}
rElec   .            w - +1 cloak {Stlth+}
rCorr   .            Z - +2 pair of gloves {infuse}
SInv    .            A - +1 pair of boots "Koruteck" {Will+}
Will    ++...        l - amulet of magic regeneration
Stlth   ++           F - ring of poison resistance
HPRegen 0.38/turn    T - ring of Omocexku {rC+ rN+ Str+5}
MPRegen 0.77/turn

%: infuse magic (1 MP)
@: studying 2 skills
A: no striking features
}: 2/15 runes: decaying, gossamer
a: Renounce Religion


You were on level 3 of the Elven Halls.
You worshipped Vehumet.
Vehumet was exalted by your worship.
You visited 7 branches of the dungeon, and saw 34 of its levels.
You also visited: Trove, Bailey and Ice Cave.

You collected 5524 gold pieces.
You spent 2299 gold pieces at shops.

Inventory:

Hand Weapons
 u - the +3 great sword of Gaorch {freeze, Fly rC- rCorr Dex+3}
   (You found it on level 4 of the Dungeon)

   Dex+3:     It affects your dexterity (+3).
   rC-:       It makes you vulnerable to cold.
   Fly:       It grants you flight.
   rCorr:     It protects you from acid and corrosion.
 D - the +2 arbalest "Bethraito" {elec, rN+ SInv}
   (You took it off a hobgoblin in a bailey)

   rN+:       It protects you from negative energy.
   SInv:      It lets you see invisible.
Missiles
 z - 4 throwing nets
Armour
 a - the +0 scale mail "Uchar" (worn) {rPois rF+ MP+9}
   (You found it on level 6 of the Dungeon)

   rF+:       It protects you from fire.
   rPois:     It protects you from poison MP+9: It affects your magic capacity
   (+9).
 b - a +2 helmet of intelligence (worn)
 w - a +1 cloak of stealth (worn)
 A - the +1 pair of boots "Koruteck" (worn) {Will+}
   (You bought it in a shop on level 6 of the Dungeon)

   Will+:     It increases your willpower.
 V - a +1 buckler of cold resistance (worn)
 Z - a +2 pair of gloves of infusion (worn)
Magical Staves
 M - a staff of fire (weapon)
Jewellery
 l - an amulet of magic regeneration (around neck)
 s - a ring of ice
 v - a ring of protection from cold
 F - a ring of poison resistance (left hand)
 J - an amulet of regeneration
 T - the ring of Omocexku (right hand) {rC+ rN+ Str+5}
   (You took it off a tengu warrior on level 12 of the Dungeon)

   [ring of positive energy]

   Str+5:     It affects your strength (+5).
   rC+:       It protects you from cold.
   rN+:       It protects you from negative energy.
Wands
 e - a wand of quicksilver (11)
 o - a wand of charming (5)
 y - a wand of roots (27)
 N - a wand of digging (10)
Scrolls
 h - a scroll of poison
 j - 14 scrolls of teleportation
 k - a scroll of fear
 n - a scroll of immolation
 p - 2 scrolls of identify
 q - 3 scrolls of revelation
 r - 2 scrolls of blinking
 x - a scroll of enchant armour
 B - 2 scrolls of amnesia
Potions
 c - 2 potions of lignification
 d - 5 potions of magic
 f - 17 potions of curing
 i - 18 potions of heal wounds
 m - a potion of brilliance
 C - 13 potions of haste
 E - a potion of might
 G - a potion of resistance
 H - a potion of experience
Miscellaneous
 g - a phantom mirror
 t - a sack of spiders


   Skills:
 - Level 10.0 Fighting
 + Level 9.2 Armour
 - Level 3.0 Dodging
 - Level 3.0 Stealth
 - Level 6.0 Shields
 O Level 27 Spellcasting
 + Level 17.8 Conjurations
 - Level 1.1 Summonings
 - Level 1.1 Necromancy
 - Level 1.1 Translocations
 + Level 16.6 Fire Magic
 - Level 2.0 Ice Magic
 - Level 4.0 Air Magic
 - Level 7.1 Earth Magic
 - Level 2.0 Poison Magic
 - Level 1.2 Evocations


You had 8 spell levels left.
You knew the following spells:

 Your Spells              Type           Power      Damage    Failure   Level
a - Magic Dart            Conj           100%       1d8       0%          1
b - Mephitic Cloud        Conj/Pois/Air  74%        N/A       1%          3
c - Call Imp              Summ           96%        N/A       2%          2
d - Blink                 Tloc           96%        N/A       2%          2
e - Foxfire               Conj/Fire      100%       2x1d9     0%          1
f - Fireball              Conj/Fire      61%        3d23      1%          5
g - Starburst             Conj/Fire      61%        6d16      1%          6
h - Bombard               Conj/Erth      44%        9d7       1%          6
i - Lee's Rapid Deconstr  Erth           36%        3d18*     1%          5
j - Airstrike             Air            30%        2d(5-21)  1%          4
k - Orb of Destruction    Conj           50%        9d13      1%          7
l - Freezing Cloud        Conj/Ice/Air   37%        6-21      1%          5
m - Ignition              Fire           60%        3d16      6%          8
n - Fire Storm            Conj/Fire      61%        8d15      52%         9

Your spell library contained the following spells:

 Spells                   Type           Power      Damage    Failure   Level
 Maxwell's Capacitive Co  Air            30%        ∞         100%        8
 Shatter                  Erth           36%        3d29*     100%        9
 Scorch                   Fire           100%       2d9       0%          2
 Searing Ray              Conj           100%       2d8       0%          2
 Shock                    Conj/Air       100%       1d9       1%          1
 Cigotuvi's Dreadful Rot  Necr/Pois/Air  100%       N/A       1%          2
 Passwall                 Tmut/Erth      49%        N/A       1%          2
 Ignite Poison            Fire/Tmut/Pois 88%        N/A       1%          3
 Swiftness                Air            61%        N/A       1%          3
 Brom's Barrelling Bould  Conj/Erth      88%        2d10      1%          4
 Flame Wave               Conj/Fire      100%       2d21      1%          4
 Fulminant Prism          Conj/Hex       38%        3d17      1%          4
 Iskenderun's Battlesphe  Conj           100%       2d15      1%          5
 Conjure Ball Lightning   Conj/Air       41%        3x3d13    1%          6
 Plasma Beam              Fire/Air       51%        2x1d66    1%          6
 Sublimation of Blood     Necr           48%        N/A       2%          2
 Slow                     Hex            100%       N/A       3%          1
 Ensorcelled Hibernation  Hex/Ice        96%        N/A       3%          2
 Wereblood                Tmut           41%        N/A       4%          2
 Vampiric Draining        Necr           48%        2d9       5%          3
 Summon Guardian Golem    Hex/Summ       45%        N/A       7%          3
 Leda's Liquefaction      Hex/Erth       29%        N/A       7%          4
 Confusing Touch          Hex            41%        N/A       9%          3
 Sigil of Binding         Hex            41%        N/A       9%          3
 Spellforged Servitor     Conj/Summ      39%        N/A       13%         7
 Summon Ice Beast         Ice/Summ       51%        N/A       16%         4
 Borgnjor's Vile Clutch   Necr/Erth      30%        N/A       16%         5
 Animate Dead             Necr           48%        N/A       19%         4
 Manifold Assault         Tloc           48%        N/A       19%         4
 Passage of Golubria      Tloc           48%        N/A       19%         4
 Lehudib's Crystal Spear  Conj/Erth      44%        10d11     28%         8
 Silence                  Hex/Air        26%        N/A       34%         5
 Summon Forest            Summ/Tloc      24%        N/A       45%         5
 Summon Mana Viper        Hex/Summ       45%        N/A       54%         5
 Death Channel            Necr           24%        N/A       96%         6
 Summon Cactus Giant      Summ           24%        N/A       96%         6
 Monstrous Menagerie      Summ           24%        N/A       100%        7
 Summon Hydra             Summ           24%        N/A       100%        7
 Discord                  Hex            20%        N/A       100%        8
 Disjunction              Tloc           24%        N/A       100%        8


Dungeon Overview and Level Annotations

Branches:
Dungeon (15/15)            Temple (1/1) D:5            Lair (5/5) D:11
  Swamp (4/4) Lair:2       Spider (4/4) Lair:2        Slime (0/5) Lair:4
    Orc (2/2) D:11            Elf (3/3) Orc:2        Vaults (0/5) D:13
 Depths (0/4) D:15         Bailey (visited)           IceCv (visited)

Altars:
Ashenzari
Cheibriados
Dithmenos
Elyvilon
Fedhas
Gozag
Hepliaklqana
Kikubaaqudgha
Makhleb
Nemelex Xobeh
Okawaru
Qazlal
Ru
Sif Muna
Trog
Uskayaw
Vehumet
Wu Jian
Xom
Yredelemnul
Zin
The Shining One
Jiyva
Lugonu

Shops:
D:1 :   D:6 :[   D:12 *   Orc:1 *   Orc:2 ![::   Elf:1 :   Elf:2 :

Portals:
Abyss: Lair:5

Annotations:
D:13 2 runed translucent doors, SirDiesAlot's ghost, journeyman DsFi
Elf:2 5 runed translucent doors


Message History

The fireball engulfs the deep elf master archer!!
The deep elf master archer is almost dead.
The deep elf master archer shoots an arrow.
The arrow hits you!!
The deep elf master archer shoots an arrow.
You block the arrow.
Casting: Fireball (safe; 1% risk of failure)
Confirm with . or Enter, or press ? or * to list all spells.
Aiming: Fireball (safe; 1% risk of failure)
Press: ? - help, Shift-Dir - straight line You feel a surge of power!
The fireball explodes!
The fireball engulfs the deep elf master archer!
The deep elf master archer is almost dead.
The deep elf master archer shoots an arrow.
You block the arrow.
The deep elf master archer shoots an arrow.
The arrow hits you!!
Casting: Fireball (safe; 1% risk of failure)
Confirm with . or Enter, or press ? or * to list all spells.
Aiming: Fireball (safe; 1% risk of failure)
Press: ? - help, Shift-Dir - straight line You feel a surge of power!
The fireball explodes!
The fireball engulfs the deep elf master archer!!
You kill the deep elf master archer!
Vehumet accepts your kill.
You feel your power returning.
You hear a shout!
A deep elf elementalist comes into view.
It is wielding a +0 dagger.
Casting: Fireball (safe; 1% risk of failure)
Confirm with . or Enter, or press ? or * to list all spells.
Aiming: Fireball (safe; 1% risk of failure)
Press: ? - help, Shift-Dir - straight line, f - deep elf elementalist
Aim: a deep elf elementalist, wielding a +0 dagger and wearing a +0 ring mail (wandering, repelling missiles, hasn't noticed you)
You feel a surge of power!
The fireball explodes!
The fireball engulfs the deep elf elementalist!!!
The deep elf elementalist is severely wounded.
The deep elf elementalist shouts!
You hear a shout! x2
The deep elf elementalist gestures next to you while chanting.
The wall shatters!
The blast of rock fragments hits you!!!
You die...

.# .#.# .. .###..# #...
###.#...###... # ###
#...........# .# .# ##.##
#...........##.##.### #.#.##
#...................##....
.###.#######...###.#####......#.#
#...#.## #...###.##).....##....
#.<.##.# #...)@........####....
#...#.## #...###..#.##.##......
.###.## ##### #........).#....
..#..##### ###..)#.##......
.........# #...#.........
..##.###.##### #..e####.##...
.....#.......# #...)......###
.......#.###.# #.)#######)...
.......#.# #.#######..# #..)#


You could see a deep elf elementalist (repels missiles).

Vanquished Creatures
  2 tentacled monstrosities (Swamp:4)
  A deep elf master archer (Elf:3)
  2 deep elf blademasters (Elf:3)
  Kirke (D:14)
  A thorn hunter (Swamp:2)
  A fenstrider witch (Swamp:4)
  Roxanne (Elf:2)
  6 ghost moths
  5 emperor scorpions (Spider:4)
  3 deep elf elementalists
  4 deep elf sorcerers
  A juggernaut zombie (D:15)
  2 eleionomae
  8 bunyips
  4 deep elf demonologists
  Azrael (D:14)
  2 deep elf annihilators (Elf:3)
  A spark wasp (Spider:4)
  2 deep elf death magi
  3 entropy weavers
  2 deep elf high priests
  21 hydras
  A spriggan zombie (D:15)
  Erolcha (Orc:2)
  Harold (Lair:2)
  2 catoblepae
  8 vault guards (D:13)
  2 ogre magi
  A jorogumo (Spider:4)
  3 radroaches
  A rakshasa (D:13)
  2 ghost crabs (Swamp:1)
  4 boulder beetles
  7 centaur warriors
  The ghost of Frenzy the Carver, a novice MiFi of Okawaru (D:10)
  10 alligators
  7 death scarabs (Spider:4)
  9 two-headed ogres
  2 tengu warriors
  11 death yaks
  9 demonic crawlers
  14 dancing weapons
  3 thrashing horrors (Lair:5)
  The ghost of Kurtz the Cleaver, a novice OpFi of Gozag (D:9)
  10 deep elf knights
  A skyshark (Lair:5)
  3 spriggans (Swamp:1)
  2 skeletal warriors (D:12)
  8 goliath frogs
  10 pharaoh ants
  A sun moth (Spider:2)
  A death drake (Swamp:2)
  9 orb spiders
  8 deep elf archers
  A phantasmal warrior (D:15)
  16 swamp dragons
  3 bog bodies
  2 spriggan druids
  4 orc knights
  3 necromancers
  7 steelbarb worms
  A spectral wolf spider (Spider:4)
  2 oklob plants
  The ghost of javelincjr the Trooper, a novice DsFi of Gozag (D:7)
  22 deep elf zephyrmancers
  8 orc sorcerers (Orc:2)
  25 deep elf pyromancers
  3 manticores
  8 ugly things
  An iron dragon zombie (D:15)
  4 moths of wrath
  13 wolf spiders
  A broodmother zombie (Spider:4)
  2 cyclopes
  5 will-o-the-wisps
  9 elephants
  5 black mambas
  A fire giant skeleton (D:15)
  3 torpor snails
  An ice statue (IceCv)
  10 cane toads
  A smoke demon (Lair:5)
  3 gargoyles
  Psyche (D:10)
  A kobold demonologist (D:9)
  2 komodo dragons
  9 rime drakes
  2 unseen horrors
  4 spectral redbacks (Spider:4)
  4 tengu conjurers (D:14)
  A yaktaur (D:12)
  9 ice devils (IceCv)
  6 freezing wraiths (IceCv)
  An anaconda simulacrum (IceCv)
  3 polar bears
  2 guardian mummies (D:15)
  2 bloated husks (Swamp:2)
  2 hornets (Swamp:1)
  8 trolls
  A troll (shapeshifter) (Elf:3)
  A wolf spider simulacrum (D:12)
  A snapping turtle (shapeshifter) (D:13)
  2 spectral culicivoras (Spider:4)
  2 spectral tarantellas (Spider:4)
  14 tarantellas
  20 blink frogs
  A jumping spider zombie (Spider:4)
  8 tyrant leeches
  Prince Ribbit (D:6)
  A dream sheep (Lair:4)
  4 spectral jumping spiders (Spider:4)
  A raiju (Lair:5)
  A tarantella zombie (Spider:4)
  4 slime creatures
  2 shadows
  3 air elementals
  21 jumping spiders
  21 culicivoras
  A wraith (D:11)
  58 yaks
  2 ynoxinuls (Lair:5)
  4 water elementals
  2 large abominations (Lair:5)
  2 wyverns
  Eustachio (D:5)
  2 vampires (D:11)
  2 dire elephant simulacra (IceCv)
  3 hogs (D:14)
  7 fire elementals
  4 chaos spawn (Lair:5)
  27 vampire mosquitoes
  The ghost of soul19 the Trooper, an amateur DsFi (D:3)
  6 basilisks
  2 steam dragons
  41 redbacks
  A warg (Orc:2)
  7 death yak simulacra (IceCv)
  2 harpy simulacra (IceCv)
  9 swamp worms
  19 water moccasins
  3 hell hounds (D:14)
  5 acid dragons
  3 hydra simulacra (IceCv)
  22 orc warriors
  3 ice beasts
  13 swamp drakes
  3 sky beasts (D:7)
  9 small abominations (Lair:5)
  A black bear (Lair:2)
  12 ogres
  7 wolves
  9 centaurs
  A centaur (shapeshifter) (D:12)
  2 phantoms
  13 bullfrogs
  5 scorpions
  2 gnoll sergeants
  2 earth elementals (Elf:3)
  A cane toad simulacrum (IceCv)
  A two-headed ogre simulacrum (IceCv)
  5 elephant simulacra (IceCv)
  23 killer bees
  5 howler monkeys
  A crimson imp (Spider:2)
  A jelly (D:7)
  A hound (D:5)
  9 orc priests
  A gnoll bouda (D:6)
  3 sleepcaps
  Crazy Yiuf (D:4)
  2 iguanas (D:4)
  35 orc wizards
  2 spriggan simulacra (IceCv)
  4 yak simulacra (Lair:3)
  4 hell rats (Lair:4)
  6 polar bear simulacra
  6 wolf simulacra
  19 gnolls
  8 adders
  A naga simulacrum (IceCv)
  6 river rats (Lair:4)
  A shadow imp (D:7)
  3 white imps
  3 ufetubi
  2 worms
  A dart slug (D:2)
  74 orcs
  4 endoplasms
  2 giant cockroaches
  9 goblins
  9 hobgoblins
  4 jackals
  16 kobolds
  6 quokkas
  8 ball pythons
  3 bats
  2 frilled lizards
  15 rats
  2 river rat simulacra (Lair:3)
1185 creatures vanquished.

Vanquished Creatures (collateral kills)
  the Lernaean hydra (Swamp:4)
  A troll (D:10)
  2 killer bees
4 creatures vanquished.

Vanquished Creatures (others)
  A bloated husk (Swamp:3)
  315 foxfires
316 creatures vanquished.

Grand Total: 1505 creatures vanquished

Notes
Turn   | Place    | Note
-------+----------+-------------------------------------------
     0 | D:1      | pokeman the Deep Elf Hedge Wizard began the quest for the
                  | Orb.
     0 | D:1      | Reached XP level 1. HP: 10/10 MP: 7/7
   335 | D:1      | Reached XP level 2. HP: 16/16 MP: 6/9
   705 | D:1      | Found Paisai's Vocational Training.
  1286 | D:2      | Reached skill level 5 in Spellcasting
  1329 | D:2      | Reached XP level 3. HP: 20/20 MP: 9/11
  1333 | D:2      | Learned a level 3 spell: Mephitic Cloud
  1336 | D:2      | Learned a level 2 spell: Call Imp
  1339 | D:2      | Learned a level 2 spell: Blink
  1568 | D:2      | Reached skill level 1 in Fighting
  1568 | D:2      | Reached skill level 1 in Armour
  1773 | D:2      | Reached XP level 4. HP: 20/25 MP: 6/13
  2368 | D:2      | Reached skill level 6 in Spellcasting
  2420 | D:2      | Reached XP level 5. HP: 29/29 MP: 9/15
  2794 | D:3      | Found a runed translucent door.
  2794 | D:3      | Noticed soul19's ghost (amateur DsFi)
  2925 | D:3      | Found a faded altar of an unknown god.
  3270 | D:4      | Noticed a phantom
  3282 | D:4      | Killed a phantom
  3283 | D:4      | Reached skill level 1 in Air Magic
  3283 | D:4      | Reached skill level 1 in Poison Magic
  3283 | D:4      | Reached XP level 6. HP: 24/34 MP: 2/17
  3443 | D:4      | Reached skill level 7 in Spellcasting
  3783 | D:4      | Found a large runed translucent door.
  3784 | D:4      | Found a large runed translucent door.
  3874 | D:4      | Found a runed translucent door.
  3875 | D:4      | Noticed Crazy Yiuf
  3904 | D:4      | Found a large runed translucent door.
  3904 | D:4      | Found a large runed translucent door.
  4111 | D:4      | Reached XP level 7. HP: 31/39 MP: 15/20
  4411 | D:4      | Reached skill level 8 in Spellcasting
  4411 | D:4      | Reached skill level 1 in Evocations
  4427 | D:4      | Identified the +3 great sword of Gaorch {freeze, Fly rC-
                  | rCorr Dex+3}
  4491 | D:4      | Killed Crazy Yiuf
  4580 | D:5      | Entered Level 5 of the Dungeon
  4589 | D:5      | Reached skill level 1 in Shields
  4859 | D:5      | Noticed Eustachio
  4861 | D:5      | Reached skill level 9 in Spellcasting
  4863 | D:5      | Reached XP level 8. HP: 31/44 MP: 16/23
  4865 | D:5      | Killed Eustachio
  4866 | D:5      | Reached skill level 5 in Conjurations
  5534 | D:5      | Found a staircase to the Ecumenical Temple.
  5558 | D:6      | Found Roeneg's Book Emporium.
  5564 | D:6      | Found Feyk's Antique Armour Shop.
  5580 | Temple   | Entered the Ecumenical Temple
  5592 | Temple   | Became a worshipper of Vehumet
  5614 | D:6      | Bought a pair of glimmering boots for 218 gold pieces
  5614 | D:6      | Identified the +1 pair of boots "Koruteck" {Will+} (You
                  | bought it in a shop on level 6 of the Dungeon)
  5667 | D:6      | Reached skill level 10 in Spellcasting
  5730 | D:6      | Noticed Prince Ribbit
  5748 | D:6      | Killed Prince Ribbit
  6060 | D:6      | Identified the +0 scale mail "Uchar" {rPois rF+ MP+9}
  6280 | D:7      | Found a flagged portal.
  6285 | D:7      | Reached skill level 11 in Spellcasting
  6289 | D:7      | Reached XP level 9. HP: 48/48 MP: 23/26
  6300 | Bailey   | Entered a bailey
  6306 | Bailey   | Learned a level 4 spell: Airstrike
  6343 | Bailey   | Noticed an orc knight
  6353 | Bailey   | Killed an orc knight
  6456 | Bailey   | Identified the +9 falchion "Menopp" {flame, Fragile rC+
                  | SInv}
  6505 | Bailey   | Identified the +2 arbalest "Bethraito" {elec, rN+ SInv}
  6509 | Bailey   | Reached * piety under Vehumet
  6509 | Bailey   | Offered knowledge of Foxfire by Vehumet.
  6521 | Bailey   | Learned a level 1 spell: Foxfire
  6547 | Bailey   | Identified the +7 falchion of Gozag's Reproof {freeze, rF+}
  6554 | Bailey   | Reached skill level 12 in Spellcasting
  6554 | Bailey   | Reached skill level 1 in Fire Magic
  7036 | D:7      | Noticed javelincjr's ghost (novice DsFi)
  7037 | D:7      | Found a transporter.
  7039 | D:7      | Identified the +11 great mace "Baicvily" {flame, Int+4}
  7066 | D:7      | Found a transporter.
  7195 | D:7      | Upgraded the game from 0.31-a0-844-gdc52ec4e09 to
                  | 0.31-a0-845-g9abc20d24f
  7670 | D:7      | Reached XP level 10. HP: 56/56 MP: 18/28
  8008 | D:3      | Killed soul19's ghost
  8149 | D:7      | Reached skill level 13 in Spellcasting
  8404 | D:8      | Found an opulent altar of Gozag.
  8696 | D:8      | Reached ** piety under Vehumet
  8698 | D:8      | Offered knowledge of Scorch by Vehumet.
  9693 | D:9      | Found a runed translucent gate.
  9693 | D:9      | Found a runed translucent gate.
  9693 | D:9      | Found a runed translucent gate.
  9694 | D:9      | Noticed Kurtz's ghost (novice OpFi)
 10112 | D:10     | Entered Level 10 of the Dungeon
 10170 | D:10     | Noticed a white ugly thing
 10190 | D:10     | Offered knowledge of Dazzling Flash by Vehumet.
 10191 | D:10     | Reached skill level 14 in Spellcasting
 10394 | D:10     | Reached skill level 5 in Fire Magic
 10558 | D:10     | Noticed Psyche
 10565 | D:10     | Killed Psyche
 10578 | D:10     | Reached XP level 11. HP: 47/60 MP: 12/31
 10748 | D:10     | Reached *** piety under Vehumet
 10878 | D:10     | Found a transporter.
 10879 | D:10     | Noticed an orc knight
 10881 | D:10     | Noticed Frenzy's ghost (novice MiFi)
 10890 | D:10     | Found a transporter.
 11142 | D:10     | Found a portal to a secret trove of treasure.
 11234 | D:10     | Reached skill level 15 in Spellcasting
 11447 | D:11     | Offered knowledge of Sticky Flame by Vehumet.
 12122 | D:11     | Found a staircase to the Lair.
 12293 | D:11     | Found a transporter.
 12301 | D:11     | Found a transporter.
 12333 | D:11     | Found a transporter.
 12356 | D:11     | Found a staircase to the Orcish Mines.
 12583 | D:11     | Found a transporter.
 13160 | D:12     | Identified the +4 ring mail of the Will of the Gods {rN+}
 13537 | D:12     | Noticed a two-headed ogre
 13541 | D:12     | Killed a two-headed ogre
 13542 | D:12     | Reached skill level 16 in Spellcasting
 13690 | D:12     | Noticed a two-headed ogre
 13694 | D:12     | Killed a two-headed ogre
 13718 | D:12     | Reached **** piety under Vehumet
 13996 | D:12     | Offered knowledge of Olgreb's Toxic Radiance by Vehumet.
 13996 | D:12     | Identified the ring of Omocexku {rC+ rN+ Str+5}
 13996 | D:12     | Noticed a tengu warrior
 14007 | D:12     | Noticed a deep elf pyromancer
 14008 | D:12     | Killed a tengu warrior
 14009 | D:12     | Reached XP level 12. HP: 64/66 MP: 11/34
 14275 | D:12     | Reached skill level 10 in Conjurations
 14422 | D:12     | Reached skill level 17 in Spellcasting
 15052 | Lair:1   | Entered Level 1 of the Lair of Beasts
 15155 | D:6      | Bought a book of Fire for 416 gold pieces
 15258 | Lair:1   | Learned a level 6 spell: Starburst
 15275 | Lair:1   | Found a frozen archway.
 15286 | IceCv    | Entered an ice cave
 15922 | IceCv    | Reached skill level 5 in Fighting
 16041 | IceCv    | Found an ancient bone altar of Kikubaaqudgha.
 16299 | IceCv    | Reached skill level 18 in Spellcasting
 16406 | IceCv    | Reached ***** piety under Vehumet
 16505 | IceCv    | Offered knowledge of Bombard by Vehumet.
 17085 | Lair:1   | Noticed a catoblepas
 17094 | Lair:1   | Killed a catoblepas
 17095 | Lair:1   | Reached skill level 1 in Necromancy
 17252 | Lair:1   | Reached XP level 13. HP: 72/72 MP: 24/37
 17543 | Lair:1   | Reached skill level 5 in Armour
 17966 | Lair:1   | Learned a level 6 spell: Bombard
 17972 | Lair:1   | Learned a level 5 spell: Lee's Rapid Deconstruction
 18937 | Lair:2   | Found a staircase to the Swamp.
 18940 | Lair:2   | Reached skill level 1 in Earth Magic
 19081 | Lair:2   | Identified the orb of Leruur {*Rage, rN++ Dex+3}
 19153 | Lair:2   | Reached skill level 19 in Spellcasting
 19289 | Lair:2   | Noticed Harold
 19294 | Lair:2   | Killed Harold
 19928 | Lair:2   | Found a hole to the Spider Nest.
 21054 | Lair:3   | Reached skill level 5 in Shields
 21292 | Lair:3   | Reached skill level 10 in Fire Magic
 21839 | Lair:3   | Reached skill level 20 in Spellcasting
 21890 | Lair:3   | Offered knowledge of Fulminant Prism by Vehumet.
 22126 | Lair:4   | Reached XP level 14. HP: 77/78 MP: 31/40
 23038 | Lair:4   | Reached skill level 5 in Earth Magic
 23194 | Lair:4   | Found a viscous altar of Jiyva.
 23194 | Lair:4   | Found a staircase to the Slime Pits.
 23561 | Lair:5   | Entered Level 5 of the Lair of Beasts
 24334 | Lair:5   | Reached skill level 21 in Spellcasting
 24891 | Lair:5   | Found a corrupted altar of Lugonu.
 24897 | Lair:5   | Offered knowledge of Spellforged Servitor by Vehumet.
 25199 | Lair:5   | Found a one-way gate to the infinite horrors of the Abyss.
 26008 | Orc:1    | Entered Level 1 of the Orcish Mines
 26236 | Orc:1    | Found Ytoyb's Assorted Antiques.
 26434 | Orc:1    | Bought 3 scrolls of teleportation for 234 gold pieces
 26434 | Orc:1    | Bought a scroll of identify for 52 gold pieces
 26434 | Orc:1    | Bought a scroll of teleportation for 78 gold pieces
 26434 | Orc:1    | Bought a scroll of identify for 52 gold pieces
 26434 | Orc:1    | Bought a glowing black potion for 23 gold pieces
 26434 | Orc:1    | Bought a clear potion for 23 gold pieces
 26622 | Orc:2    | Entered Level 2 of the Orcish Mines
 26941 | Orc:2    | Reached XP level 15. HP: 82/82 MP: 33/42
 26968 | Orc:2    | Offered knowledge of Yara's Violent Unravelling by Vehumet.
 27146 | Orc:2    | Found a staircase to the Elven Halls.
 27469 | Orc:2    | Found Uxzit's Distillery.
 27476 | Orc:2    | Bought a potion of curing for 36 gold pieces
 27476 | Orc:2    | Bought a potion of heal wounds for 60 gold pieces
 27476 | Orc:2    | Bought a potion of curing for 36 gold pieces
 27487 | Orc:2    | Found an ancient bone altar of Kikubaaqudgha.
 27630 | Orc:2    | Found Ussykh's Book Boutique.
 27682 | Orc:2    | Found Faps's Book Boutique.
 27724 | Orc:2    | Noticed Erolcha
 27734 | Orc:2    | Killed Erolcha
 27866 | Orc:2    | Found a radiant altar of Vehumet.
 28074 | Orc:2    | Found Zuvaqygh's Antique Armour Boutique.
 28082 | Orc:2    | Bought a runed helmet for 142 gold pieces
 28321 | Orc:2    | Bought a book of the Spheres for 896 gold pieces
 28327 | Orc:2    | Learned a level 5 spell: Fireball
 28335 | Orc:2    | Learned a level 7 spell: Orb of Destruction
 28678 | D:12     | Found Fucs's General Store.
 28712 | D:12     | Bought a potion of curing for 33 gold pieces
 28815 | D:12     | Learned a level 5 spell: Freezing Cloud
 28865 | D:13     | Found a bloodstained altar of Trog.
 28889 | D:13     | Found a gate to the Vaults.
 28894 | D:13     | Reached skill level 1 in Ice Magic
 29010 | D:13     | Reached skill level 22 in Spellcasting
 29136 | D:13     | Reached ****** piety under Vehumet
 29498 | D:13     | Found a runed translucent door.
 29500 | D:13     | Noticed a lich
 29502 | D:13     | Noticed SirDiesAlot's ghost (journeyman DsFi)
 29504 | D:13     | Found a runed translucent door.
 30166 | D:7      | Killed javelincjr's ghost
 30334 | D:9      | Killed Kurtz's ghost
 30463 | D:10     | Killed Frenzy's ghost
 30838 | D:14     | Found a stormy altar of Qazlal.
 30889 | D:14     | Noticed Kirke
 30894 | D:14     | Killed Kirke
 32004 | D:14     | Noticed Azrael
 32024 | D:14     | Killed Azrael
 32047 | D:14     | Offered knowledge of Irradiate by Vehumet.
 32275 | D:15     | Entered Level 15 of the Dungeon
 32748 | D:15     | Reached skill level 23 in Spellcasting
 32803 | D:15     | Reached XP level 16. HP: 90/90 MP: 14/45
 33191 | D:15     | Found a staircase to the Depths.
 33679 | D:15     | Found a blossoming altar of Fedhas.
 34272 | Swamp:1  | Entered Level 1 of the Swamp
 34612 | Swamp:1  | Identified the +10 double sword "Qej Sish" {heavy, rF+
                  | Int+7 Stlth-}
 35406 | D:10     | You paid a toll of 4 potions of resistance to enter a
                  | treasure trove
 35407 | Trove    | Entered a treasure trove
 35884 | Swamp:2  | Found a hide-covered altar of Uskayaw.
 35910 | Swamp:2  | Reached skill level 24 in Spellcasting
 35913 | Swamp:2  | Noticed a thorn hunter
 35928 | Swamp:2  | Killed a thorn hunter
 36467 | Swamp:3  | Offered knowledge of Arcjolt by Vehumet.
 36577 | Swamp:3  | Reached skill level 15 in Conjurations
 36994 | Swamp:4  | Entered Level 4 of the Swamp
 36994 | Swamp:4  | Noticed a tentacled monstrosity
 37050 | Swamp:4  | Killed a tentacled monstrosity
 37114 | Swamp:4  | Noticed a tentacled monstrosity
 37119 | Swamp:4  | Killed a tentacled monstrosity
 37717 | Swamp:4  | Reached XP level 17. HP: 99/99 MP: 46/47
 37852 | Swamp:4  | Noticed the 27-headed Lernaean hydra
 37858 | Swamp:4  | Killed the 27-headed Lernaean hydra
 38239 | Swamp:4  | Reached skill level 25 in Spellcasting
 38276 | Swamp:4  | Got a decaying rune of Zot
 38464 | Spider:1 | Entered Level 1 of the Spider Nest
 39119 | Spider:2 | Offered knowledge of Ignition by Vehumet.
 39130 | Spider:2 | Learned a level 8 spell: Ignition
 39367 | Spider:2 | You fall into a shaft and drop 1 floor!
 40258 | Spider:2 | Reached skill level 10 in Fighting
 42325 | Spider:4 | Entered Level 4 of the Spider Nest
 42991 | Spider:4 | Reached skill level 26 in Spellcasting
 43085 | Spider:4 | Identified the +0 hat "Watroh" {rElec Regen+}
 43295 | Spider:4 | Reached XP level 18. HP: 107/107 MP: 47/50
 44101 | Spider:4 | Offered knowledge of Fire Storm by Vehumet.
 44101 | Spider:4 | Offered knowledge of Shatter by Vehumet.
 44101 | Spider:4 | Offered knowledge of Maxwell's Capacitive Coupling by
                  | Vehumet.
 44107 | Spider:4 | Reached skill level 15 in Fire Magic
 45137 | Spider:4 | Got a gossamer rune of Zot
 45886 | Temple   | Learned a level 9 spell: Fire Storm
 46028 | Elf:1    | Entered Level 1 of the Elven Halls
 46490 | Elf:1    | Identified the +6 rapier "Xiloedgh" {flame, Int+4 Dex-5}
 46740 | Elf:1    | Reached skill level 27 in Spellcasting
 47107 | Elf:1    | Found Ceawkuj's Book Boutique.
 47367 | Elf:2    | Noticed Roxanne
 47424 | Elf:2    | Paralysed by an air elemental for 1 turns
 47428 | Elf:2    | Found Zumeas's Book Boutique.
 47428 | Elf:2    | Paralysed by an air elemental for 1 turns
 47849 | Elf:2    | Killed Roxanne
 47854 | Elf:2    | Reached XP level 19. HP: 76/112 MP: 23/52
 48110 | Elf:2    | Found a huge runed translucent gate.
 48110 | Elf:2    | Found a huge runed translucent gate.
 48110 | Elf:2    | Found a huge runed translucent gate.
 48110 | Elf:2    | Found a huge runed translucent gate.
 48110 | Elf:2    | Found a huge runed translucent gate.
 48267 | Elf:3    | Entered Level 3 of the Elven Halls
 48670 | Elf:3    | Killed from afar by a deep elf elementalist

Illustrated notes

Levels and vault maps discovered:
D:1:      lordsloth_arrival_two_stooges, layout_basic, minmay_crystal_room,
          minmay_large_rounded_square, nicolae_shop_vocational
D:2:      layout_basic
D:3:      layout_rooms, ebering_ghost_reflecting_pool,
          shapermc_ecumenical_altar_acropolis
D:4:      layout_rooms, ebering_dispersal_statue_hall,
          minmay_hollow_rounded_squares, uniq_crazy_yiuf_cottage
D:5:      layout_basic, minmay_temple_entry_from_below_a, uniq_eustachio
D:6:      layout_cave_pools, nicolae_stop_n_shop_2, nicolae_stop_n_shop_1,
          uniq_prince_ribbit1
D:7:      kennysheep_spiral_hall, layout_basic, gammafunk_ghost_smash,
          enter_bailey_7
D:8:      layout_rooms, general_overflow_altar
D:9:      layout_loops_ring, ebering_ghost_rock_garden
D:10:     layout_irregular_city, nicolae_trove_entry_crystal,
          gammafunk_ghost_arena, uniq_psyche
D:11:     layout_long_grid, hellmonk_lair_entry_icy, david_orc_2,
          nicolae_diode_intersection
D:12:     minmay_the_grid_triangle_9x9_recursive_2_mashed
          [minmay_the_grid_triangle_9x9_prize_schism,
          minmay_the_grid_triangle_9x9_zippers_vertical,
          minmay_the_grid_triangle_9x9_steps,
          minmay_the_grid_triangle_9x9_semitri], layout_cave_pods, serial_shops,
          shop, nicolae_twisty_statue_hallways
D:13:     layout_basic, erik_vaults_2, muffindrake_ghost_dual_entry,
          trog_three_pillars_becter
D:14:     layout_layer_cave, nicolae_qazlal_style_of_elements, uniq_azrael,
          uniq_kirke
D:15:     gammafunk_depths_entry_grave, layout_loops_ring, minmay_misc_feat_chi,
          dreamdust_deal_with_the_devil, tgw_fedhas
Temple:   compressed_dpeg_circular_temple
Lair:1:   cheibrodos_lair_river_kwai, layout_cave_pods,
          portal_ice_cave_entry_pillars_2, minmay_lair_oklob_items
Lair:2:   layout_long_grid, swamp_mist_pool,
          hellmonk_spider_entry_life_and_decay, beast_lair_carwin_7, uniq_harold
Lair:3:   layout_cave_pods, eino_house_with_fridge, lemuel_fruit_fields
Lair:4:   layout_gridlike, slime_entry_1, chequers_serial_rivers_large_b,
          kennysheep_abandoned_house
Lair:5:   hellmonk_lair_end_abyssal_woods, layout_regular_city,
          grunt_forest_small_clearings
Swamp:1:  layout_basic_swamp, evilmike_swamp_ruin_wall
Swamp:2:  layout_falls_marsh, lemuel_altar_in_water, swamp_pool1
Swamp:3:  layout_falls_marsh, evilmike_swamp_ruin_house_3
Swamp:4:  swamp_old_school, layout_basic_swamp, swamp_pool5
Spider:1: layout_spider_delve
Spider:2: layout_cave_pods, nicolae_crawler_farm
Spider:3: layout_spider_delve
Spider:4: floodkiller_spider_rune_tomb
Orc:1:    layout_caves, serial_shops, nicolae_shop_crystal
Orc:2:    kennysheep_orc_mage_school, layout_diamond_mine, basic_altar
Elf:1:    layout_geoelf_diagonals, serial_shops, shop, minivault_28,
          kennysheep_underground_church, grunt_megastairs_4
Elf:2:    elven_hall_of_blades_hangedman_alternative
          [nicolae_blade_entry_hurt_lockers], layout_rooms, serial_shops,
          nicolae_shop_peninsula, uniq_roxanne, uniq_jorgrun
Elf:3:    grunt_elf_hall_branching, layout_loops_cross

Skill      XL: |  1  2  3  4  5  6  7  8  9 10 11 12 13 14 15 16 17 18 19 |
---------------+----------------------------------------------------------+-----
Spellcasting   | 5 6 7 9 11 12 14 16 18 20 21 23 24 26 27 | 27.0
Fighting       | 1 2 3 4 5 6 8 10 | 10.0
Armour         | 1 2 3 4 5 6 8 9 |  9.2
Conjurations   | 2 3 4 5 7 8 9 11 12 13 14 15 16 17 | 17.8
Dodging        | 3 |  3.0
Stealth        | 3 |  3.0
Air Magic      | 1 2 4 |  4.0
Poison Magic   | 1 2 |  2.0
Evocations     | 1 |  1.2
Shields        | 1 2 4 5 6 |  6.0
Fire Magic     | 2 5 7 8 10 11 12 13 14 16 | 16.6
Necromancy     | 1 |  1.1
Earth Magic    | 4 6 7 |  7.1
Ice Magic      | 2 |  2.0
Summonings     | |  1.1
Translocations | |  1.1

Action                     |  1- 3 |  4- 6 |  7- 9 | 10-12 | 13-15 | 16-18 | 19-21 || total
---------------------------+-------+-------+-------+-------+-------+-------+-------++-------
  Melee: Dagger            |     9 |    26 |       |       |       |       |       ||    35
         Rapier            |       |       |     6 |       |       |       |       ||     6
         Great sword       |       |       |    54 |   104 |     9 |       |       ||   167
         Falchion          |       |       |       |     1 |    30 |       |       ||    31
         Staff             |       |       |       |       |    30 |     1 |       ||    31
   Fire: Arbalest          |       |       |       |       |       |     3 |       ||     3
   Cast: Magic Dart        |    86 |   148 |   152 |    17 |     8 |     9 |       ||   420
         Mephitic Cloud    |     2 |     6 |    20 |    26 |     3 |       |       ||    57
         Call Imp          |       |     1 |     2 |     2 |     1 |       |       ||     6
         Foxfire           |       |       |    44 |   127 |       |       |       ||   171
         Airstrike         |       |       |    10 |   147 |   102 |     4 |       ||   263
         Blink             |       |       |       |     8 |       |     1 |       ||     9
         Starburst         |       |       |       |    57 |   281 |    51 |     1 ||   390
         Fireball          |       |       |       |       |    91 |   468 |    52 ||   611
         Freezing Cloud    |       |       |       |       |     5 |     3 |       ||     8
         Bombard           |       |       |       |       |     3 |    74 |    10 ||    87
         Lee's Rapid Decon |       |       |       |       |     2 |     5 |       ||     7
         Orb of Destructio |       |       |       |       |       |    10 |       ||    10
         Ignition          |       |       |       |       |       |    12 |       ||    12
  Evoke: Sack of spiders   |       |       |       |     1 |       |       |       ||     1
         Wand              |       |       |       |       |       |    21 |       ||    21
         Phantom mirror    |       |       |       |       |       |     1 |       ||     1
    Use: Scroll            |       |       |       |     8 |    14 |     8 |       ||    30
   Stab: Confused          |     1 |     5 |     9 |    18 |     2 |       |       ||    35
         Sleeping          |       |       |     1 |     1 |       |       |       ||     2
         Distracted        |       |       |       |     1 |       |       |       ||     1
 Armour: Robe              |     9 |    20 |    67 |    15 |       |       |       ||   111
         Steam dragon scal |       |       |       |   107 |       |       |       ||   107
         Acid dragon scale |       |       |       |    86 |       |       |       ||    86
         Skin              |       |       |       |     2 |       |       |       ||     2
         Ring mail         |       |       |       |     4 |    77 |       |       ||    81
         Scale mail        |       |       |       |       |   103 |   173 |     8 ||   284
  Dodge: Dodged            |    13 |    32 |    74 |   215 |    65 |    63 |     2 ||   464
  Block: Buckler           |       |       |       |       |    50 |    19 |     3 ||    72

Table legend: (Time is in decaauts)
 A = Elapsed time spent in this place.
 B = Non-inter-level travel time spent in this place.
 C = Inter-level travel time spent in this place.
 D = Time resting spent in this place.
 E = Time spent auto-exploring this place.
 F = Levels seen in this place.
 G = Mean time per level.
                   A        B        C        D        E       F      G
               +--------+--------+--------+--------+--------+-----+--------+
         Total |  49231 |  45436 |   3795 |   5948 |  32815 |  37 | 1330.6 |
       Dungeon |  21575 |  19164 |   2411 |   1829 |  14695 |  15 | 1438.3 |
        Temple |    187 |    161 |     26 |      0 |      0 |   1 |  187.0 |
          Lair |   9029 |   8652 |    377 |   1036 |   6642 |   5 | 1805.8 |
         Swamp |   3854 |   3611 |    243 |    402 |   2784 |   4 |  963.5 |
   Spider Nest |   7160 |   6725 |    435 |   1133 |   4647 |   4 | 1790.0 |
  Orcish Mines |   2429 |   2215 |    214 |    104 |   1786 |   2 | 1214.5 |
   Elven Halls |   2643 |   2556 |     87 |    449 |   1774 |   3 |  881.0 |
         Trove |     92 |     92 |      0 |      0 |      0 |   1 |   92.0 |
        Bailey |    578 |    578 |      0 |     95 |    234 |   1 |  578.0 |
      Ice Cave |   1681 |   1681 |      0 |    900 |    253 |   1 | 1681.0 |
               +--------+--------+--------+--------+--------+-----+--------+

Top non-repeatable levels by time:
Spider:4: 3226 daAuts
    D:10: 2401 daAuts
    D:12: 2292 daAuts
  Lair:2: 1993 daAuts
  Lair:5: 1909 daAuts
Spider:3: 1890 daAuts
    D:14: 1806 daAuts
  Lair:1: 1799 daAuts
   Orc:2: 1792 daAuts
  Lair:3: 1780 daAuts
    D:15: 1760 daAuts
   Elf:1: 1739 daAuts
   IceCv: 1681 daAuts
     D:7: 1580 daAuts
  Lair:4: 1547 daAuts
